 Dungeon Crawl Stone Soup version 0.28-a0-429-g1448048969 (webtiles) character file.

Game seed: 428534598837810227

85 olmar the Insei (level 4, 0/32 HPs)
             Began as a Djinni Transmuter on Sept 11, 2021.
             Slain by Purgy (1 damage)
             ... in a sewer.
             The game lasted 00:06:33 (3813 turns).

olmar the Insei (Djinni Transmuter)                 Turns: 3813, Time: 00:06:33

Health: 0/32       AC:  2    Str:  6 (9)  XL:     4   Next: 75%
Gold:   76         EV: 12    Int: 15 (17) God:
                   SH:  4    Dex: 12 (14)

rFire   + + .      SeeInvis .     - Unarmed
rCold   . . .      Faith    .   (no shield)
rNeg    . . .      Spirit   .   a - +0 robe
rPois   ∞          Reflect  .   (helmet restricted)
rElec   .          Harm     .   (no cloak)
rCorr   .          Rampage  .   (no gloves)
Will    .....                   (boots unavailable)
Stlth   +.........              (no amulet)
HPRegen 0.10/turn               b - ring of protection from cold
MPRegen 0.00/turn               (no ring)

@: flying, very slightly contaminated
A: sickness immunity, fire resistance 2, cold vulnerability 1, float, innate
caster, hp casting, extra vitality 1, antennae 1, large bone plates 1, clever 1
a: no special abilities


You were in a sewer.
You visited 1 branch of the dungeon, and saw 3 of its levels.
You also visited: Sewer.

You collected 76 gold pieces.

Inventory:

Armour
 a - a +0 robe (worn)
 c - a +2 pair of gloves of dexterity
Jewellery
 b - a ring of protection from cold (left hand)


   Skills:
 + Level 1.3 Fighting
 + Level 3.0 Dodging
 - Level 0.1 Stealth
 + Level 3.8 Unarmed Combat
 + Level 2.3 Spellcasting


You couldn't memorise any spells.
You knew the following spells:

 Your Spells              Type           Power      Damage    Failure   Level
a - Beastly Appendage     Tmut           16%        N/A       9%          1
b - Wereblood             Tmut           8%         N/A       12%         2
c - Spider Form           Tmut/Pois      4%         N/A       24%         3
d - Ice Form              Ice/Tmut       8%         N/A       63%         4
e - Magic Dart            Conj           32%        1d4       9%          1
Your spell library was empty.

Dungeon Overview and Level Annotations

Branches:
Dungeon (3/15)              Sewer (1/1)

Altars:

Shops:
D:2 :

Annotations:
Sewer Purgy


Innate Abilities, Weirdness & Mutations

You are immune to sickness and miasma.
You are immune to poison.
Your flesh is very heat resistant. (rF++)
You are vulnerable to cold. (rC-)
You float through the air rather than walking.
You learn spells naturally, not from books.
Your magical power is your life essence.
You have superior vitality. (+4 HP)
You have a pair of small antennae on your head.
You are partially covered in large bone plates. (SH +4)
Your mind is acute. (Int +2)


Message History

Unknown command.
Okay, then.
You aren't carrying any scrolls.
You closely miss Purgy. Purgy bites you. You block Purgy's attack.
Purgy completely misses you.
Unknown command.
You hit Purgy.
Purgy is lightly wounded.
Purgy closely misses you. You block Purgy's attack.
Purgy claws you but does no damage.
You hit Purgy but do no damage.
Purgy is lightly wounded.
Purgy bites you. You block Purgy's attack. x2
You hit Purgy.
Purgy is lightly wounded.
You block Purgy's attack. Purgy claws you but does no damage.
Purgy closely misses you.
You hit Purgy but do no damage.
Purgy is lightly wounded.
Purgy bites you. Purgy claws you.
* * * LOW HITPOINT WARNING * * *
Purgy claws you but does no damage.
Unknown command.
Unknown command.
Casting: Beastly Appendage (safe; 9% risk of failure)
Confirm with . or Enter, or press ? or * to list all spells.
You don't know that spell.
You aren't carrying any potions.
Unknown command.
You hit Purgy.
Purgy is lightly wounded.
Purgy bites you.
* * * LOW HITPOINT WARNING * * *
Purgy misses you. Purgy claws you.
* * * LOW HITPOINT WARNING * * *
You hit Purgy but do no damage.
Purgy is lightly wounded.
Your resistance to elements expires.
Purgy misses you. You block Purgy's attack. Purgy claws you.
You die...

#########
#$@#.#?(#
#[T#.#.[#
###.≈≈#
##≈≈.##
#..≈..#
##.≈...##
#...#...#
##.≈###..##
#...# #≈≈.#


You could see Purgy.

Vanquished Creatures
  A gnoll (D:1)
  An adder (D:2)
  A worm (D:2)
  3 dart slugs
  6 endoplasms
  2 hobgoblins (D:1)
  2 jackals (Sewer)
  3 quokkas (D:1)
  9 ball pythons
  6 bats
  4 frilled lizards
  5 goblins
  10 kobolds
  7 rats
60 creatures vanquished.

Notes
Turn   | Place    | Note
-------+----------+-------------------------------------------
     0 | D:1      | olmar the Djinni Transmuter began the quest for the Orb.
     0 | D:1      | Reached XP level 1. HP: 17/17 MP: 0/0
   309 | D:1      | Reached XP level 2. HP: 13/22 MP: 0/0
  1335 | D:1      | Reached XP level 3. HP: 11/27 MP: 0/0
  1335 | D:1      | Learned a level 1 spell: Magic Dart
  2532 | D:2      | Found Pous's Book Shoppe.
  2630 | D:2      | Reached XP level 4. HP: 32/32 MP: 0/0
  3334 | D:3      | Found a glowing drain.
  3350 | Sewer    | Entered a sewer
  3771 | Sewer    | Noticed Purgy
  3800 | Sewer    | Gained mutation: You are partially covered in large bone
                  | plates. (SH +4) [potion of mutation]
  3800 | Sewer    | Gained mutation: Your mind is acute. (Int +2) [potion of
                  | mutation]
  3800 | Sewer    | Gained mutation: You have a pair of small antennae on your
                  | head. [potion of mutation]
  3812 | Sewer    | HP: 1/32 [Purgy (3)]
  3813 | Sewer    | Slain by Purgy

Illustrated notes

Levels and vault maps discovered:
D:1:      dpeg_arrival_stonehenge_8_columns, layout_basic, fountainhead,
          minmay_misc_feat_enclosed, minmay_liquid_box,
          amcnicky_mini_rare_corridor_liquid, serial_bayou_lagoon_a
D:2:      layout_loops_ring, serial_shops, shop
D:3:      layout_loops_ring, cheibrodos_sewer_entry_sluice, serial_shops, shop
Sewer:    sewer_the_moccasin

Skill      XL: |  1  2  3  4 |
---------------+-------------+-----
Spellcasting   | 2 |  2.3
Dodging        | 3 |  3.0
Fighting       | |  1.3
Stealth        | |  0.1
Unarmed Combat | |  3.8

Action                   |  1- 3 |  4- 6 || total
-------------------------+-------+-------++-------
Melee: Unarmed           |   110 |    86 ||   196
       Headbutt          |     9 |     7 ||    16
 Cast: Beastly Appendage |    11 |     6 ||    17
       Wereblood         |     1 |       ||     1
  Use: Potion            |       |     4 ||     4
 Stab: Sleeping          |     3 |       ||     3
Armor: Robe              |    11 |    21 ||    32
Dodge: Dodged            |    67 |    79 ||   146
Block: Other             |       |     6 ||     6

Table legend: (Time is in decaauts)
 A = Elapsed time spent in this place.
 B = Non-inter-level travel time spent in this place.
 C = Inter-level travel time spent in this place.
 D = Time resting spent in this place.
 E = Time spent auto-exploring this place.
 F = Levels seen in this place.
 G = Mean time per level.
                   A        B        C        D        E       F      G
               +--------+--------+--------+--------+--------+-----+--------+
         Total |   3800 |   3664 |    136 |   1527 |   1612 |   4 |  950.0 |
       Dungeon |   3339 |   3203 |    136 |   1214 |   1535 |   3 | 1113.0 |
         Sewer |    460 |    460 |      0 |    313 |     77 |   1 |  460.0 |
               +--------+--------+--------+--------+--------+-----+--------+

Top non-repeatable levels by time:
     D:1: 2372 daAuts
     D:2: 760 daAuts
   Sewer: 460 daAuts
     D:3: 207 daAuts
